 Dungeon Crawl Stone Soup version 0.28-a0-1152-g9c71ebef14 (webtiles) character file.

Game seed: 11889840124516857871

6832 spaghetti the Cleaver (level 10, -3/90 HPs)
             Began as a Deep Dwarf Delver on Dec 14, 2021.
             Was an Initiate of Gozag.
             Slain by a two-headed ogre (10 damage)
             ... on level 13 of the Dungeon.
             The game lasted 00:29:35 (8729 turns).

spaghetti the Cleaver (Deep Dwarf Delver)           Turns: 8729, Time: 00:29:36

Health: -3/90      AC: 12    Str: 21    XL:     10   Next: 77%
Magic:  2/2        EV:  7    Int: 12    God:    Gozag
Gold:   182        SH:  4    Dex: 14    Spells: 6/9 levels left

rFire   + . .      SeeInvis .   u - +0 hand axe (elec) {axe}
rCold   . . .      Faith    .   a - +0 buckler
rNeg    . . .      Spirit   .   i - +1 chain mail {rF+}
rPois   .          Reflect  .   (no helmet)
rElec   .          Harm     .   (no cloak)
rCorr   .          Rampage  .   w - +1 pair of gloves
Will    +....                   j - +0 pair of boots
Stlth   +.........              (no amulet)
HPRegen 0.00/turn               (no ring)
MPRegen 0.08/turn               (no ring)

@: studying Fighting, unable to read
A: damage resistance, heal wounds, sense surroundings 2, no regeneration, strong
1, inability to read while threatened
a: Heal Wounds, Renounce Religion, Potion Petition, Call Merchant, Bribe Branch


You were on level 13 of the Dungeon.
You worshipped Gozag.
Gozag was aware of your devotion.
You visited 2 branches of the dungeon, and saw 11 of its levels.

You collected 1825 gold pieces.
You spent 72 gold pieces at shops.
You paid 1571 gold pieces to Gozag.


Innate Abilities, Weirdness & Mutations

You are resistant to damage.
You can heal yourself by infusing magical energy.
You passively map the area around you.
You do not regenerate.
Your muscles are strong. (Str +2)
You sometimes lose the ability to read scrolls when taking damage.


   Skills:
 + Level 5.6 Fighting
 + Level 11.6(12.3) Axes
 - Level 6.0(9.1) Maces & Flails
 - Level 8.0 Throwing
 - Level 2.1 Dodging
 - Level 10.0 Stealth
 + Level 0.7 Shields


You had 6 spell levels left.
You knew the following spells:

 Your Spells              Type           Power      Damage    Failure   Level
a - Vampiric Draining     Necr           0%         2d6       100%        3

Your spell library contained the following spells:

 Spells                   Type           Power      Damage    Failure   Level
 Beastly Appendage        Tmut           0%         N/A       99%         1
 Slow                     Hex            0%         N/A       99%         1
 Wereblood                Tmut           0%         N/A       100%        2
 Confusing Touch          Hex            0%         N/A       100%        3
 Ignite Poison            Fire/Tmut/Pois 0%         N/A       100%        3
 Mephitic Cloud           Conj/Pois/Air  0%         N/A       100%        3
 Spider Form              Tmut/Pois      0%         N/A       100%        3
 Freezing Cloud           Conj/Ice/Air   0%         6-21      100%        5

Inventory:

Hand Weapons
 u - a +0 hand axe of electrocution (weapon) {axe}
   (You found it on level 7 of the Dungeon)
Missiles
 e - 3 javelins {throwing}
 h - 282 stones (quivered) {throwing}
 k - 101 sling bullets
 m - 151 arrows
 p - 50 bolts
 y - 3 boomerangs {throwing}
Armour
 a - a +0 buckler (worn)
   (You bought it in a shop on level 11 of the Dungeon)
 b - a +0 leather armour
 i - a +1 chain mail of fire resistance (worn)
   (You found it on level 5 of the Dungeon)
 j - a +0 pair of boots (worn)
   (You found it on level 6 of the Dungeon)
 w - a +1 pair of gloves (worn)
   (You found it on level 7 of the Dungeon)
Magical Staves
 A - a staff of poison {!astaff}
   (You found it on level 8 of the Dungeon)
Jewellery
 t - a ring of ice
   (You found it on level 5 of the Dungeon)
Wands
 g - a wand of digging (2)
 B - a wand of flame (11)
   (You found it on level 8 of the Dungeon)
Scrolls
 c - 4 scrolls of fog
 d - a scroll of magic mapping {!r}
 n - 7 scrolls of identify {@r1}
 q - a scroll of noise {!r}
Potions
 o - 4 potions of brilliance
 x - a potion of attraction {!q}

Dungeon Overview and Level Annotations

Branches:
Dungeon (13/15)            Temple (1/1) D:7            Lair (0/6) D:10
    Orc (0/2) D:10
 Vaults: D:13-14

Altars:
Ashenzari
Dithmenos
Elyvilon
Gozag
Hepliaklqana
Kikubaaqudgha
Makhleb
Nemelex Xobeh
Qazlal
Ru
Sif Muna
Trog
Xom
Jiyva

Shops:
D:8 [   D:10 (   D:11 [

Portals:
Bailey: D:9

Annotations:
D:8 3 runed translucent doors, Nato's ghost, novice TeSu
D:10 1 runed translucent door, ragingrage's ghost, journeyman GrAr

*,,,,,,*,,,,*,,,,,,,,,
#..,****,,,,*****+****
#..D*,,*,,,,*,,*,,,*,,
*...+,,*,>,,+,,*,,,+,,
*,..#+#*+**,******,***
*,,...#,,,*,,*,,,*,,,,
*,,,..#,,,*,,*,,,*,,,,
****#.####*+**,,,*****
*,,,#@...#........#,,,
*,,,+O...#........+,,,
*,,,#....#........###*
*,,,#....#...........,
*,,,#....#...........,
*,,,#....#...........,
*,,,#................,
*,,,#.............####
*,,,#.........#####...


You could see a four-headed hydra (asleep) and a two-headed ogre.


Message History

You hit the orc warrior but do no damage.
Lightning courses through the orc warrior!
The orc warrior hits you but does no damage.
You hit the orc warrior.
You kill the orc warrior! 😨 HP[+1]
You now have 90 max hp (+2).
Unknown command.
You now have 166 gold pieces (gained 7).
Things that are here:
a +0 long sword {long}; a +0 plate armour You start waiting.
You can read scrolls again.
Done waiting.
Unknown command.
You now have 171 gold pieces (gained 5).
Things that are here:
a +0 dagger {short}; a +0 ring mail You now have 176 gold pieces (gained 5).
You see here a +0 mace {mace}.
Okay, then.
Unknown command.
Okay, then.
Unknown command.
You now have 182 gold pieces (gained 6).
Things that are here:
a +0 quarterstaff {staff}; a +0 leather armour You see here a +0 mace {mace}.
There is an open door here.
A sourceless malevolence fills the Dungeon...
You fall into a shaft and drop 2 floors!
The shaft crumbles and collapses.
Unknown command.
Unknown command.
Unknown command.
Unknown command.
Unknown command.
Unknown command.
Unknown command.
Okay, then.
Unknown command.
You open the door.
Really read
d - 2 scrolls of magic mapping {!r}?
As you read the scroll of magic mapping {!r}, it crumbles to dust.
You feel aware of your surroundings.
You sensed 1 shop/portal.
Unknown command.
Unknown command.
You open the door.
There is an open door here.
You open the door. 5 slime creatures come into view.
The slime creature quivers. x2
Unknown command.
You close the door.
Something unseen opens the door.
A two-headed ogre comes into view. It is wielding two +0 giant clubs.
The two-headed ogre shouts in stereo!
The two-headed ogre hits you with a +0 giant club!!
You feel threatened and lose the ability to read scrolls!
* * * LOW HITPOINT WARNING * * *
The two-headed ogre hits you but does no damage.
There is an open door, spattered with blood here. 😱 HP[-22]
You take 22 damage, and now have 2/90 hp.
MASSIVE DAMAGE!! (PAUSE) Unknown command.
Unknown command.
Unknown command.
You cannot read scrolls in your current state!
Unknown command.
Unknown command.
Okay, then.
Unknown command.
Okay, then.
Unknown command.
You can read scrolls again.
Okay, then.
A four-headed hydra comes into view.
Unknown command.
Unknown command.
Unknown command.
Okay, then.
Unknown command.
Okay, then.
Okay, then.
Unknown command.
Okay, then.
Okay, then.
Unknown command.
Okay, then.
Unknown command.
Okay, then.
Unknown command.
You feel much better.
The two-headed ogre hits you with a +0 giant club!
You feel threatened and lose the ability to read scrolls!
* * * LOW HITPOINT WARNING * * *
The two-headed ogre hits you with a +0 giant club!
You die...
Your body crumbles into a pile of gold.

Skill      XL: |  1  2  3  4  5  6  7  8  9 10 |
---------------+-------------------------------+-----
Stealth        | 7 8 9 10 | 10.0
Throwing       | 1 2 4 5 7 8 |  8.0
Maces & Flails | 2 5 6 |  6.0
Axes           | 9 11 | 11.6
Fighting       | 5 |  5.6
Dodging        | |  2.1
Shields        | |  0.7

Action                   |  1- 3 |  4- 6 |  7- 9 | 10-12 || total
-------------------------+-------+-------+-------+-------++-------
Melee: Hand axe          |    18 |     7 |   136 |    66 ||   227
       Mace              |       |   115 |   173 |       ||   288
Throw: Stone             |     3 |       |    15 |       ||    18
       Boomerang         |       |    22 |    44 |       ||    66
       Dart              |       |       |    32 |    18 ||    50
       Javelin           |       |       |     4 |     5 ||     9
       Throwing net      |       |       |     1 |       ||     1
Invok: Potion Petition   |       |       |     3 |     1 ||     4
 Abil: Heal Wounds       |     1 |     3 |    11 |    13 ||    28
Evoke: Wand              |       |     1 |    43 |    13 ||    57
  Use: Scroll            |     1 |     3 |     6 |     6 ||    16
       Potion            |       |     4 |     4 |     2 ||    10
 Stab: Sleeping          |     1 |     1 |       |       ||     2
       Distracted        |       |       |     2 |       ||     2
Armor: Leather armour    |     1 |       |       |       ||     1
       Chain mail        |     5 |   132 |   227 |    42 ||   406
Dodge: Dodged            |    10 |    61 |   149 |    31 ||   251
Block: Buckler           |       |       |       |     4 ||     4

Levels and vault maps discovered:
D:3:      layout_rooms, nicolae_overflow_quartered_altars, minmay_checkerbox,
          uniq_ijyb
D:4:      layout_gridville, mainiacjoe_overflow_concentric_impassable,
          minmay_cupped
D:5:      minmay_razor_zed, layout_rooms, nzn_hepliaklqana_mist_gate,
          fountainhead
D:6:      layout_basic, lemuel_crystal_altar
D:7:      layout_rooms, trog_hazing_becter, temple_statues, uniq_menkaure
D:8:      layout_rooms, serial_shops, shop_coins, gammafunk_ghost_ooze,
          uniq_pikel
D:9:      layout_long_grid, zin_statuary, mainiacjoe_overflow_brackets,
          special_room [special_room_orc], lightli_bailey_entry_fortress,
          uniq_erica
D:10:     layout_gridville, erik_lair_orcish_takeover, orc_david_3,
          gammafunk_ghost_hydra_chop
D:11:     layout_gridville, serial_shops, nicolae_diamond_shop,
          nicolae_shop_trees
D:13:     layout_grid_maze, enter_trove_6, uniq_jorgrun
Temple:   nicolae_temple_x_marks_the_god

Notes
Turn   | Place    | Note
-------+----------+-------------------------------------------
     0 | D:5      | spaghetti the Deep Dwarf Delver began the quest for the
                  | Orb.
     0 | D:5      | Reached XP level 1. HP: 20/20 MP: 1/1
     0 | D:5      | magus.rc [v1.9.6]
    53 | D:5      | Noticed a scorpion
    66 | D:5      | Killed a scorpion
    67 | D:5      | Reached skill level 7 in Stealth
    67 | D:5      | Reached XP level 2. HP: 16/27 MP: 2/2
    67 | D:5      | Reached XP level 3. HP: 19/33 MP: 3/3
   300 | D:5      | Noticed a scorpion
   316 | D:5      | Killed a scorpion
   317 | D:5      | Reached skill level 1 in Throwing
   317 | D:5      | Reached skill level 8 in Stealth
   317 | D:5      | Reached XP level 4. HP: 26/40 MP: 4/4
   351 | D:5      | Noticed an ice beast
   402 | D:5      | Noticed a black bear
   442 | D:6      | HP: 10/40 [bullfrog skeleton (1)]
   451 | D:6      | Reached XP level 5. HP: 37/46 MP: 5/5
   512 | D:5      | Identified a scroll of acquirement
   512 | D:5      | Acquired 1006 gold pieces
   546 | D:5      | Reached skill level 2 in Throwing
   562 | D:5      | HP: 11/46 [iguana (4)]
   612 | D:5      | Noticed a phantom
   638 | D:3      | Noticed Ijyb
   659 | D:3      | Killed Ijyb
   742 | D:3      | Reached skill level 9 in Stealth
   748 | D:3      | Reached XP level 6. HP: 40/55 MP: 6/6
   764 | D:3      | Reached skill level 3 in Throwing
   766 | D:3      | HP: 13/55 [gnoll (4)]
  1097 | D:3      | Gained mutation: You sometimes lose the ability to read
                  | scrolls when taking damage. [potion of mutation]
  1097 | D:3      | Gained mutation: Your muscles are strong. (Str +2) [potion
                  | of mutation]
  1447 | D:4      | Found an ancient bone altar of Kikubaaqudgha.
  1492 | D:4      | HP: 11/55 [iguana (5)]
  1612 | D:4      | HP: 9/55 [ogre (20)]
  1618 | D:4      | Reached skill level 4 in Throwing
  1618 | D:4      | Reached XP level 7. HP: 11/61 MP: 7/7
  1877 | D:4      | HP: 9/61 [necrophage (2)]
  1890 | D:4      | Reached skill level 10 in Stealth
  2566 | D:4      | Reached skill level 5 in Throwing
  3238 | D:5      | Reached skill level 1 in Maces & Flails
  3255 | D:5      | HP: 14/61 [ice beast (7)]
  3259 | D:5      | Reached skill level 2 in Maces & Flails
  3388 | D:5      | Reached XP level 8. HP: 15/68 MP: 8/8
  3400 | D:5      | HP: 10/68 [iguana (5)]
  3561 | D:5      | Reached skill level 6 in Throwing
  3611 | D:5      | HP: 12/68 [ice beast (7)]
  3613 | D:5      | Reached skill level 3 in Maces & Flails
  3755 | D:5      | Found a hazy altar of Hepliaklqana.
  3853 | D:5      | HP: 1/68 [acid dragon/splash of acid (29)]
  3858 | D:5      | Reached skill level 4 in Maces & Flails
  3861 | D:5      | HP: 17/68 [bullfrog skeleton (4)]
  3979 | D:5      | You pick up a book of Debilitation and begin reading...
  3979 | D:5      | You add the spells Slow, Vampiric Draining and Confusing
                  | Touch to your library.
  3991 | D:5      | Learned a level 3 spell: Vampiric Draining
  4579 | D:6      | Reached skill level 5 in Maces & Flails
  4579 | D:6      | Reached skill level 7 in Throwing
  4797 | D:6      | HP: 17/68 [something (4)]
  4799 | D:6      | Gained mutation: You passively map the area around you.
                  | [Deep Dwarf growth]
  4799 | D:6      | Reached XP level 9. HP: 19/74 MP: 8/8
  5004 | D:7      | HP: 15/74 [centaur/arrow (4)]
  5068 | D:6      | You pick up a book of Changes and begin reading...
  5068 | D:6      | You add the spells Beastly Appendage, Wereblood and Spider
                  | Form to your library.
  5188 | D:6      | Found a stormy altar of Qazlal.
  5284 | D:7      | Noticed Menkaure
  5285 | D:7      | HP: 18/74 [??? (12)]
  5291 | D:6      | Killed Menkaure
  5399 | D:7      | Reached skill level 6 in Maces & Flails
  5767 | D:7      | You add the spells Ignite Poison, Mephitic Cloud and
                  | Freezing Cloud to your library.
  5789 | D:7      | Paralysed by a hornet for 3 turns
  5794 | D:7      | Paralysed by a hornet for 3 turns
  5794 | D:7      | HP: 16/74 [hornet (4)]
  5794 | D:7      | HP: 7/74 [hornet (9)]
  5796 | D:7      | HP: 1/74 [hornet (3)]
  5799 | D:7      | Paralysed by a hornet for 2 turns
  5802 | D:7      | Reached skill level 3 in Axes
  5802 | D:7      | Reached skill level 8 in Throwing
  5963 | D:7      | HP: 14/74 [acid (6)]
  6109 | D:7      | Found a staircase to the Ecumenical Temple.
  6161 | D:7      | Found a bloodstained altar of Trog.
  6207 | Temple   | Entered the Ecumenical Temple
  6214 | Temple   | Became a worshipper of Gozag Ym Sagoz the Greedy
  6398 | D:7      | Reached skill level 4 in Axes
  6531 | D:8      | Noticed a two-headed ogre
  6532 | D:8      | HP: 14/74 [two-headed ogre (13)]
  6751 | D:8      | Reached skill level 5 in Axes
  6804 | D:8      | Found Tiqi's Armour Emporium.
  7095 | D:8      | Noticed Pikel
  7104 | D:8      | Reached skill level 6 in Axes
  7111 | D:8      | Killed Pikel
  7112 | D:8      | Reached skill level 7 in Axes
  7236 | D:8      | Reached skill level 8 in Axes
  7357 | D:8      | Found a runed translucent gate.
  7369 | D:8      | Found a runed translucent gate.
  7371 | D:8      | Found a runed translucent gate.
  7373 | D:8      | Noticed Nato's ghost (novice TeSu)
  7375 | D:8      | Found a viscous altar of Jiyva.
  7609 | D:9      | Found a flagged portal.
  7626 | D:9      | Noticed a two-headed ogre
  7642 | D:9      | Noticed Erica
  7659 | D:9      | HP: 12/74 [two-headed ogre (11)]
  7659 | D:9      | Killed a two-headed ogre
  7659 | D:9      | HP: 2/74 [something (10)]
  7660 | D:9      | Reached skill level 9 in Axes
  7660 | D:9      | Reached XP level 10. HP: 2/81 MP: 7/7
  7668 | D:9      | Killed Erica
  7669 | D:9      | Reached skill level 10 in Axes
  7693 | D:10     | Entered Level 10 of the Dungeon
  7861 | D:10     | HP: 20/81 [troll (2)]
  7894 | D:10     | Noticed a gargoyle
  7901 | D:10     | Found a staircase to the Lair.
  7916 | D:10     | Noticed an orc knight
  7918 | D:10     | Found a staircase to the Orcish Mines.
  7920 | D:10     | Found Ylurobby's Weapon Shoppe.
  7991 | D:10     | HP: 17/81 [troll (7)]
  7999 | D:10     | HP: 20/81 [troll (1)]
  8006 | D:10     | Found a runed translucent gate.
  8006 | D:10     | Noticed ragingrage's ghost (journeyman GrAr)
  8129 | D:11     | Acquired a manual of Fighting
  8254 | D:11     | Noticed a two-headed ogre
  8319 | D:11     | HP: 16/81 [two-headed ogre (10)]
  8324 | D:11     | Killed a two-headed ogre
  8325 | D:11     | Reached skill level 4 in Fighting
  8325 | D:11     | Reached skill level 11 in Axes
  8333 | D:11     | HP: 20/86 [gnoll (2)]
  8488 | D:11     | Found Juno's Armour Boutique.
  8488 | D:11     | Noticed a two-headed ogre
  8497 | D:11     | Killed a two-headed ogre
  8498 | D:11     | Reached skill level 5 in Fighting
  8502 | D:11     | Bought a +0 buckler for 72 gold pieces
  8548 | D:11     | HP: 15/88 [orc warrior (13)]
  8682 | D:11     | You fall into a shaft and drop 2 floors!
  8706 | D:13     | Noticed a two-headed ogre
  8706 | D:13     | HP: 2/90 [two-headed ogre (22)]
  8727 | D:13     | Noticed a four-headed hydra
  8729 | D:13     | HP: 7/90 [two-headed ogre (11)]
  8729 | D:13     | Slain by a two-headed ogre

Vanquished Creatures
  2 two-headed ogres (D:11)
  Erica (D:9)
  Pikel (D:8)
  A hornet (D:7)
  A wyvern (D:8)
  A steam dragon (D:8)
  Menkaure (D:6)
  A warg (D:10)
  An acid dragon (D:5)
  4 orc warriors
  2 ice beasts (D:5)
  2 black bears
  3 necrophages
  A sky beast (D:6)
  2 ogres
  4 centaurs
  4 lemures
  A phantom (D:5)
  3 bullfrogs
  4 scorpions
  A water moccasin zombie (D:6)
  2 centaur zombies
  4 hounds
  7 orc priests
  2 jellies (D:7)
  4 iguanas
  2 bullfrog skeletons
  Ijyb (D:3)
  6 orc wizards
  A scorpion zombie (D:5)
  A howler monkey zombie (D:6)
  5 gnolls
  6 adders
  A shadow imp (D:5)
  2 white imps (D:6)
  An ufetubus (D:4)
  An adder zombie (D:5)
  3 adder skeletons
  2 worms
  A dart slug (D:3)
  31 orcs
  2 ball pythons
  An endoplasm (D:3)
  A giant cockroach (D:3)
  4 goblins
  4 hobgoblins
  4 jackals (D:4)
  A quokka (D:3)
  3 bats (D:3)
  5 kobolds
149 creatures vanquished.

Vanquished Creatures (collateral kills)
  A two-headed ogre (D:9)
  An orc priest (D:10)
  An orc wizard (D:10)
  A gnoll (D:9)
  4 orcs
  A goblin (D:9)
9 creatures vanquished.

Vanquished Creatures (others)
  An orc warrior (D:10)
1 creature vanquished.

Grand Total: 159 creatures vanquished

Table legend:
 A = Non-vault XP
 B = Vault XP
 C = Vault XP percentage of total XP
 D = Non-vault monster count
 E = Vault monster count
 F = Vault count percentage of total count
                 A         B        C        D         E       F
            +---------+---------+-------+---------+---------+-------
      Total |    6880 |    2880 |  29.5 |     115 |      40 |  25.8
            +---------+---------+-------+---------+---------+-------
        D:3 |     130 |      36 |  21.7 |      19 |       1 |   5.0
        D:4 |     542 |      80 |  12.9 |      21 |       1 |   4.5
        D:5 |     659 |     575 |  46.6 |      15 |      13 |  46.4
        D:6 |     809 |     183 |  18.4 |      18 |       1 |   5.3
        D:7 |     739 |       9 |   1.2 |       6 |       6 |  50.0
        D:8 |    1076 |     586 |  35.3 |      18 |       1 |   5.3
        D:9 |     964 |     841 |  46.6 |       6 |       7 |  53.8
       D:10 |      80 |     570 |  87.7 |       5 |      10 |  66.7
       D:11 |    1881 |       0 |   0.0 |       7 |       0 |   0.0
            +---------+---------+-------+---------+---------+-------

Illustrated notes

Table legend:
 A = Kills in this place as a percentage of kills in entire the game.
 B = Kills by you in this place as a percentage of kills by you in the entire game.
 C = Kills by friends in this place as a percentage of kills by friends in the entire game.
 D = Other kills in this place as a percentage of other kills in the entire game.
 E = Experience gained in this place as a percentage of experience gained in the entire game.
 F = Experience gained in this place divided by the number of levels of this place that you have seen.
                   A       B       C       D       E      F
               +-------+-------+-------+-------+-------+----------------------
         Total | 100.0 | 100.0 | 100.0 | 100.0 | 100.0 | 887.3
       Dungeon | 100.0 | 100.0 | 100.0 | 100.0 | 100.0 | 976.0
               +-------+-------+-------+-------+-------+----------------------

Table legend: (Time is in decaauts)
 A = Elapsed time spent in this place.
 B = Non-inter-level travel time spent in this place.
 C = Inter-level travel time spent in this place.
 D = Time resting spent in this place.
 E = Time spent auto-exploring this place.
 F = Levels seen in this place.
 G = Mean time per level.
                   A        B        C        D        E       F      G
               +--------+--------+--------+--------+--------+-----+--------+
         Total |   8789 |   8436 |    353 |   4117 |   2475 |  11 |  799.0 |
       Dungeon |   8773 |   8427 |    346 |   4117 |   2474 |  10 |  877.3 |
        Temple |     15 |      8 |      7 |      0 |      1 |   1 |   15.0 |
               +--------+--------+--------+--------+--------+-----+--------+

Top non-repeatable levels by time:
     D:4: 2072 daAuts
     D:5: 1508 daAuts
     D:6: 1476 daAuts
     D:7: 1462 daAuts
    D:11: 643 daAuts
     D:8: 626 daAuts
     D:3: 536 daAuts
     D:9: 258 daAuts
    D:10: 142 daAuts
    D:13: 46 daAuts
  Temple: 15 daAuts
